AoeStats
← ASBO

Arabia

510847454Analyzed
1v1 RM · 15h ago on Oct 2, 2026· 43m 4s· 2 players
Game mode
Random Map
Map size
Tiny (2 player)
Population
200
Speed
Normal
Resources
Standard
Victory
Conquest
Starting age
Dark Age
Ending age
Imperial Age
RankedLock teamsTeams togetherTeam positionsShared explorationLock speedFull tech treeHidden civsTurbo modeCheats
Victory
Defeat
🇬🇧 Persians · United Kingdom
1047
+17
🇧🇷 Teutons · Brazil
1062
-17
ASBO
6:35 Loom
9:17 Feudal Age
10:47 Double-Bit Axe
15:50 Fletching
17:20 Padded Archer Armor
21:48 Castle Age
19:44 Horse Collar
20:25 Gold Mining
22:11 Bloodlines
22:11 Bodkin Arrow
21:40 Elite Skirmisher
23:00 Bow Saw
23:59 Stone Mining
26:14 Wheelbarrow
27:42 Scale Barding Armor
29:46 Town Watch
35:23 Chain Barding Armor
39:06 Imperial Age
37:46 Masonry
37:58 Forging
37:59 Murder Holes
38:27 Husbandry
39:33 Leather Archer Armor
38:40 Crossbowman
38:58 Heavy Camel Rider
41:36 Conscription
42:51 Kamandaran
klausera_br
4:54 Loom
9:08 Feudal Age
13:42 Fletching
20:07 Castle Age
18:19 Double-Bit Axe
19:15 Horse Collar
20:38 Padded Archer Armor
20:44 Bodkin Arrow
20:11 Crossbowman
24:28 Heavy Plow
29:34 Bloodlines
30:18 Bloodlines
30:20 Scale Barding Armor
31:07 Forging
31:29 Squires
32:37 Gold Mining
33:52 Chain Barding Armor
34:07 Iron Casting
36:07 Iron Casting
35:07 Pikeman
Connection lost

Rejoining the realm…

Still unreachable

The connection could not be restored.

Session expired

The server has moved on; the page needs a fresh start.